 Dungeon Crawl Stone Soup version 0.17-a0-896-g249456b (webtiles) character file.

112 hornqvist the Sneak (level 4, -1/31 HPs)
             Began as an Octopode Assassin on May 1, 2015.
             Killed by divine providence
             ... invoked by an orc priest
              (15 damage)
             ... on level 5 of the Dungeon.
             The game lasted 00:02:17 (2536 turns).

hornqvist the Sneak (Octopode Assassin)             Turns: 2536, Time: 00:02:17

Health: -1/31      AC:  1    Str: 11    XL:     4   Next: 93%
Magic:  4/4        EV: 12    Int: 16    God:
Gold:   143        SH:  0    Dex: 13    Spells: 0 memorised, 3 levels left

rFire  + . .     SeeInvis .     a - +2 dagger
rCold  . . .     Clarity  .     (no shield)
rNeg   . . .     SustAb   .     (helmet restricted)
rPois  .         Gourm    .     j - amulet of resist mutation
rElec  .         Spirit   .     r - +3 ring of intelligence
rCorr  .         Warding  .     s - ring of protection from fire
rMut   +         Stasis   .     (no ring)
MR     .....                    (no ring)
Stlth  +++++.....               (no ring)
                                (no ring)
                                (no ring)
                                (no ring)

@: not resistant to hostile enchantments, quite stealthy
A: almost no armour, amphibious, 8 rings, constrict 8, camouflage 1, gelatinous
body 1
a: no special abilities


You were on level 5 of the Dungeon.
You were not hungry.

You visited 1 branch of the dungeon, and saw 4 of its levels.

You collected 143 gold pieces.

Inventory:

Hand weapons
 a - a +2 dagger (weapon)
 b - a +0 blowgun
Missiles
 c - 38 poisoned needles
 d - 2 curare-tipped needles
Jewellery
 j - an amulet of resist mutation (around mantle)
 r - a +3 ring of intelligence (left tentacle)
 s - a ring of protection from fire (right tentacle)
Scrolls
 f - 2 scrolls of fog {unknown}
 g - a scroll of magic mapping {unknown}
 h - 2 scrolls of remove curse {unknown}
 k - a scroll of immolation {unknown}
 l - a scroll of blinking {unknown}
 n - a scroll of enchant armour {unknown}
 q - 2 scrolls of identify {unknown}
 t - a scroll of amnesia {unknown}
 w - a scroll of fear {unknown}
Potions
 o - a potion of brilliance {unknown}
Comestibles
 e - 2 bread rations
 i - a beef jerky
 p - 2 slices of pizza
 v - 2 fruits


   Skills:
 + Level 3.0 Fighting
 - Level 2.0 Throwing
 + Level 2.5 Dodging
 * Level 6.8 Stealth


You had 3 spell levels left.
You didn't know any spells.

Dungeon Overview and Level Annotations

Branches:
Dungeon (5/15)
 Temple: D:4-7

Altars:
Elyvilon
Sif Muna

Annotations:
D:3 Nr616's ghost, weakling NaMo


Innate Abilities, Weirdness & Mutations

You cannot wear most types of armour.
You are amphibious.
You can wear up to eight rings at the same time.
You can use your tentacles to constrict eight enemies at once.
Your skin changes colour to match your surroundings (Stealth).
Your rubbery body absorbs attacks (AC +1).


Message History

* * * LOW HITPOINT WARNING * * *
You take 1 damage, and have 12/31 hp.
You hit the orc priest. The orc hits you with a flail.
* * * LOW HITPOINT WARNING * * *
The orc hits you with a mace.
* * * LOW HITPOINT WARNING * * *
The orc priest closely misses you.
You take 3 damage, and have 9/31 hp.
You're too confused to move!
The orc barely misses you. The orc hits you with a mace.
* * * LOW HITPOINT WARNING * * *
The orc priest completely misses you.
You regained 2 hp, and now have 11/31 hp.
You closely miss the orc priest. You squeeze the orc priest.
You feel less invigorated.
You feel less confused. The orc closely misses you.
The orc priest calls down the wrath of Beogh upon you.
Something smites you!
You die...

.. #.. .. #.# ##
..# #. ..# #.
###..## .#
##.##.oo..#...#
...##....)@o....#
...............##
...#..........#
##....######
#...## #...#
#...# #...##
#..##


You could see an orc priest and 2 orcs.

Vanquished Creatures
  A giant frog skeleton (D:5)
  3 adders
  A worm (D:3)
  4 giant geckos
  4 orcs
  2 ball pythons
  3 giant cockroaches
  6 goblins
  7 hobgoblins
  2 jackals (D:3)
  4 kobolds (D:1)
  A quokka (D:2)
  4 bats
  4 giant newts
  3 rats
49 creatures vanquished.

Notes
Turn   | Place    | Note
--------------------------------------------------------------
     0 | D:1      | hornqvist, the Octopode Assassin, began the quest for the Orb.
     0 | D:1      | Reached XP level 1. HP: 14/14 MP: 1/1
   134 | D:1      | Reached XP level 2. HP: 13/19 MP: 2/2
   668 | D:1      | Reached XP level 3. HP: 23/25 MP: 3/3
  1242 | D:2      | Found a deep blue altar of Sif Muna.
  1264 | D:2      | Reached skill level 6 in Stealth
  1287 | D:2      | Found a white marble altar of Elyvilon.
  1632 | D:2      | Reached XP level 4. HP: 16/30 MP: 4/4
  2254 | D:3      | Noticed Nr616's ghost (weakling NaMo)
  2518 | D:3      | You fall through a shaft!
  2518 | D:5      | Entered Level 5 of the Dungeon
  2536 | D:5      | Killed from afar by an orc priest

Action                   |  1- 3 |  4- 6 || total
-------------------------+-------+-------++-------
Melee: Dagger            |    54 |    35 ||    89
  Use: Potion            |       |     1 ||     1
 Stab: Sleeping          |    11 |     3 ||    14
  Eat: Chunk             |     2 |     3 ||     5
